 Dungeon Sprint DCSS version 0.29-a0-338-g1ff7896281 (webtiles) character file.

Game seed: 4988759972772940221

2468 mhtbhm the Impaler (level 9, 0/127 HPs)
             Began as a Merfolk Berserker on Apr 17, 2022.
             Was a High Priest of Trog.
             Slain by a 19-headed hydra (9 damage)
             ... in the Dungeon (Sprint IX: "|||||||||||||||||||||||||||||").
             The game lasted 00:01:33 (1098 turns).

mhtbhm the Impaler (Merfolk Berserker)              Turns: 1098, Time: 00:01:33

Health: 0/127      AC: 20    Str: 21    XL:     9   Next: 51%
Magic:  9/9        EV: 15    Int:  7    God:    Trog [*****.]
Gold:   0          SH:  0    Dex: 13    Spells: 8/8 levels left

rFire   . . .      SeeInvis .   a - +2 halberd (protect)
rCold   . . .      Faith    .   (shield currently unavailable)
rNeg    . . .      Spirit   .   b - +1 chain mail
rPois   .          Reflect  .   (no helmet)
rElec   .          Harm     .   l - +0 cloak
rCorr   .          Rampage  .   k - +0 pair of gloves
Will    .....      NoTele   +   (no boots)
Stlth   ..........              (no amulet)
HPRegen 0.31/turn               m - +2 ring of evasion
MPRegen 0.11/turn               n - +2 ring of evasion

@: berserking (expiring), under a protective aura, very quick
A: (nimble swimmer 2), mertail
a: Renounce Religion, Berserk, Trog's Hand, Brothers in Arms


You were in the Dungeon.
You worshipped Trog.
Trog was extremely pleased with you.
You visited 1 branch

Inventory:

Hand Weapons
 a - a +2 halberd of protection (weapon)
Armour
 b - a +1 chain mail (worn)
 k - a +0 pair of gloves (worn)
 l - a +0 cloak (worn)
Jewellery
 m - a +2 ring of evasion (left hand)
 n - a +2 ring of evasion (right hand)
Wands
 j - a wand of acid (5)
Scrolls
 h - 2 scrolls of blinking
Potions
 c - 5 potions of curing
 d - 2 potions of heal wounds
 e - a potion of haste
 f - 4 potions of magic
 g - a potion of berserk rage


   Skills:
 + Level 13.2 Fighting
 + Level 17.2 Polearms
 + Level 6.2 Armour
 + Level 9.5 Dodging
 + Level 6.5 Stealth
 + Level 2.0 Evocations


You had 8 spell levels left.
You didn't know any spells.
Your spell library was empty.

Dungeon Overview and Level Annotations

Branches:
Dungeon (1/1)

Altars:
Cheibriados
Dithmenos
Elyvilon
Fedhas
Gozag
Hepliaklqana
Kikubaaqudgha
Makhleb
Nemelex Xobeh
Okawaru
Qazlal
Ru
Sif Muna
Trog
Uskayaw
Vehumet
Wu Jian
Xom
Yredelemnul
Zin
The Shining One
Beogh
Jiyva
Lugonu


Innate Abilities, Weirdness & Mutations

((You are very nimble when in or above water. (Stealth+, EV+, Speed+++)))
Your lower body shifts to a powerful aquatic tail in water.


Message History

The 15-headed hydra bites you but does no damage.
The 15-headed hydra misses you.
The 15-headed hydra bites you but does no damage. x2
The 15-headed hydra bites you.
The 15-headed hydra completely misses you.
The 15-headed hydra barely misses you. The 15-headed hydra bites you.
The 15-headed hydra bites you but does no damage. x3
The 15-headed hydra barely misses you. The 15-headed hydra misses you.
You slice one of the 15-headed hydra's heads off!
The 14-headed hydra grows two more!
You impale the 16-headed hydra!!
The 16-headed hydra is heavily wounded.
Unknown command.
You lop one of the 16-headed hydra's heads off!
The 15-headed hydra grows two more!
You impale the 17-headed hydra!!
The 17-headed hydra is severely wounded.
The 17-headed hydra bites you! The 17-headed hydra barely misses you.
The 17-headed hydra closely misses you. x2
The 17-headed hydra bites you but does no damage. x2
The 17-headed hydra closely misses you.
The 17-headed hydra bites you but does no damage. x4
The 17-headed hydra bites you!
* * * LOW HITPOINT WARNING * * *
The 17-headed hydra closely misses you. The 17-headed hydra bites you.
* * * LOW HITPOINT WARNING * * *
The 17-headed hydra bites you but does no damage.
The 17-headed hydra misses you. The 17-headed hydra barely misses you.
You hack one of the 17-headed hydra's heads off!
The 16-headed hydra grows two more!
You slash the 18-headed hydra!
The 18-headed hydra is severely wounded.
Unknown command.
You slice one of the 18-headed hydra's heads off!
The 17-headed hydra grows two more!
You slash the 19-headed hydra!
The 19-headed hydra is severely wounded.
The 19-headed hydra completely misses you.
The 19-headed hydra bites you!
* * * LOW HITPOINT WARNING * * *
The 19-headed hydra closely misses you. The 19-headed hydra bites you.
* * * LOW HITPOINT WARNING * * *
The 19-headed hydra closely misses you. The 19-headed hydra bites you!
You die...

▓.▓
▓.▓
▓.▓
▓.▓
▓.▓
▓D▓
▓D▓
▓@▓
▓.▓
▓.▓
▓.▓
▓.▓
▓[▓
▓)▓
▓.▓
▓.▓


You could see a 19-headed hydra and an acid dragon.

Vanquished Creatures
  A boulder beetle (D)
  An ugly thing (D)
  A manticore (D)
  A gargoyle (D)
  A hornet (D)
  A slime creature (D)
  An acid dragon (D)
  A centaur (D)
  A scorpion (D)
  A necrophage (D)
  A wight (D)
  A hound (D)
  2 adders (D)
  An endoplasm (D)
  A goblin (D)
  2 hobgoblins (D)
  A kobold (D)
19 creatures vanquished.

Vanquished Creatures (others)
  An acid dragon (D)
1 creature vanquished.

Grand Total: 20 creatures vanquished

Notes
Turn   | Place    | Note
-------+----------+-------------------------------------------
     0 | D        | mhtbhm the Merfolk Berserker began the quest for the Orb.
     0 | D        | Reached XP level 1. HP: 18/18 MP: 1/1
    22 | D        | Reached ** piety under Trog
    25 | D        | Reached skill level 5 in Polearms
    27 | D        | Reached XP level 2. HP: 12/25 MP: 2/2
   331 | D        | Noticed a necrophage
   331 | D        | Noticed a scorpion
   338 | D        | Reached skill level 5 in Fighting
   338 | D        | Reached skill level 6 in Polearms
   338 | D        | Reached XP level 3. HP: 33/33 MP: 3/3
   340 | D        | Killed a scorpion
   340 | D        | Reached *** piety under Trog
   341 | D        | Reached skill level 8 in Polearms
   341 | D        | Reached XP level 4. HP: 41/41 MP: 4/4
   349 | D        | Killed a necrophage
   350 | D        | Reached skill level 9 in Polearms
   350 | D        | Reached skill level 5 in Dodging
   350 | D        | Reached XP level 5. HP: 49/49 MP: 5/5
   358 | D        | Found a snail-covered altar of Cheibriados.
   358 | D        | Found a shadowy altar of Dithmenos.
   358 | D        | Found a white marble altar of Elyvilon.
   358 | D        | Found a blossoming altar of Fedhas.
   358 | D        | Found an opulent altar of Gozag.
   359 | D        | Found a hazy altar of Hepliaklqana.
   360 | D        | Found a viscous altar of Jiyva.
   361 | D        | Found an ancient bone altar of Kikubaaqudgha.
   362 | D        | Found a corrupted altar of Lugonu.
   363 | D        | Found a burning altar of Makhleb.
   364 | D        | Found a sparkling altar of Nemelex Xobeh.
   365 | D        | Found an iron altar of Okawaru.
   366 | D        | Found a stormy altar of Qazlal.
   367 | D        | Found a sacrificial altar of Ru.
   368 | D        | Found a shimmering blue altar of Sif Muna.
   369 | D        | Found a bloodstained altar of Trog.
   370 | D        | Found a hide-covered altar of Uskayaw.
   371 | D        | Found a radiant altar of Vehumet.
   372 | D        | Found an ornate altar of the Wu Jian Council.
   373 | D        | Found a shimmering altar of Xom.
   374 | D        | Found a basalt altar of Yredelemnul.
   375 | D        | Found a glowing silver altar of Zin.
   376 | D        | Found a glowing golden altar of the Shining One.
   437 | D        | Noticed an acid dragon
   437 | D        | Noticed an acid dragon
   437 | D        | Noticed a gargoyle
   437 | D        | Noticed a centaur
   437 | D        | Noticed a hornet
   438 | D        | Paralysed by a hornet for 3 turns
   444 | D        | Killed a hornet
   444 | D        | Reached **** piety under Trog
   445 | D        | Reached skill level 11 in Polearms
   445 | D        | Reached XP level 6. HP: 58/60 MP: 6/6
   448 | D        | Reached skill level 10 in Fighting
   448 | D        | Reached skill level 12 in Polearms
   448 | D        | Reached XP level 7. HP: 65/66 MP: 7/7
   467 | D        | Killed a gargoyle
   468 | D        | Reached skill level 14 in Polearms
   471 | D        | Reached XP level 8. HP: 31/75 MP: 8/8
   670 | D        | Noticed an eight-headed hydra
   670 | D        | Noticed a slime creature
   670 | D        | Noticed a boulder beetle
   670 | D        | Noticed a manticore
   670 | D        | Noticed a cyan ugly thing
   682 | D        | Killed a cyan ugly thing
   683 | D        | Reached skill level 15 in Polearms
   683 | D        | Reached skill level 5 in Armour
   703 | D        | Killed a boulder beetle
   703 | D        | Reached ***** piety under Trog
   704 | D        | Reached skill level 16 in Polearms
   704 | D        | Reached skill level 5 in Stealth
   704 | D        | Reached skill level 1 in Evocations
   704 | D        | Reached XP level 9. HP: 29/84 MP: 9/9
   933 | D        | Killed a manticore
  1084 | D        | Received a gift from Trog
  1085 | D        | Reached skill level 17 in Polearms
  1098 | D        | Slain by a 19-headed hydra

Illustrated notes

Levels and vault maps discovered:
D:        linesprint [early_d, line_temple, items_1, d_10, items_2, lair_1,
          lair_end, items_3, orc_1, orc_end, items_4, d_15, swamp_1, shoals_1,
          snake_1, spider_1, d_20, vaults_1, items_5, swamp_end, shoals_end,
          snake_end, spider_end, vaults_end, d_27, items_6, zot_1, zot_end,
          crypt_end, forest_end, elf_end, slime_end, tomb_end, abyss_end,
          pan_hell_end]

Skill      XL: |  1  2  3  4  5  6  7  8  9 |
---------------+----------------------------+-----
Dodging        | 3 4 5 6 7 8 9 |  9.5
Fighting       | 4 5 6 7 9 10 11 12 13 | 13.2
Polearms       | 5 6 8 9 11 12 14 16 17 | 17.2
Armour         | 2 3 4 5 6 |  6.2
Stealth        | 3 5 6 |  6.5
Evocations     | 1 2 |  2.0

Action                   |  1- 3 |  4- 6 |  7- 9 || total
-------------------------+-------+-------+-------++-------
Melee: Spear             |    27 |    12 |       ||    39
       Punch             |     1 |       |       ||     1
       Halberd           |       |     7 |    63 ||    70
Invok: Berserk           |     2 |     1 |     3 ||     6
Evoke: Wand              |       |       |     5 ||     5
  Use: Potion            |       |       |     2 ||     2
 Stab: Invisible         |       |       |     4 ||     4
Armor: Animal skin       |     2 |       |       ||     2
       Chain mail        |       |     5 |    44 ||    49
Dodge: Dodged            |    13 |     5 |    47 ||    65

Table legend: (Time is in decaauts)
 A = Elapsed time spent in this place.
 B = Non-inter-level travel time spent in this place.
 C = Inter-level travel time spent in this place.
 D = Time resting spent in this place.
 E = Time spent auto-exploring this place.
 F = Levels seen in this place.
 G = Mean time per level.
                   A        B        C        D        E       F      G
               +--------+--------+--------+--------+--------+-----+--------+
         Total |   1117 |   1117 |      0 |    876 |      3 |   1 | 1117.0 |
       Dungeon |   1117 |   1117 |      0 |    876 |      3 |   1 | 1117.0 |
               +--------+--------+--------+--------+--------+-----+--------+

Top non-repeatable levels by time:
       D: 1117 daAuts
